 Dungeon Crawl Stone Soup version 0.31-a0-986-g5e6e4ef867 (webtiles) character file.

Game seed: 9109369149600482632

774 LeprechaunX the Changeling (level 7, 0/48 HPs)
             Began as an Octopode Shapeshifter on Nov 20, 2023.
             Slain by an ufetubus (3 damage)
             ... on level 4 of the Dungeon.
             The game lasted 00:07:54 (4985 turns).

LeprechaunX the Changeling (Octopode Shapeshifter)  Turns: 4985, Time: 00:07:55

Health: 0/48       AC:  1    Str: 13    XL:     7   Next: 84%
Magic:  7/7        EV: 13    Int: 12    God:
Gold:   228        SH:  0    Dex: 14    Spells: 6/6 levels left

rFire   . .          .
                       - Unarmed
rCold   . . .        (no shield)
rNeg    . . .        (helmet currently unavailable)
rPois   .            (no amulet)
rElec   .            (no ring)
rCorr   .            (no ring)
SInv    .            (no ring)
Will    .....        (no ring)
Stlth   ++           (no ring)
HPRegen 0.28/turn    (no ring)
MPRegen 0.10/turn    (no ring)
                     (no ring)

%: no passive effects
@: beast-form
A: beast (slay +3), almost no armour, amphibious, 8 rings, camouflage 1,
gelatinous body 1, (nimble swimmer 1), tentacles
a: Begin Untransformation


You were on level 4 of the Dungeon.
You were a hulking beast.
You visited 1 branch of the dungeon, and saw 5 of its levels.
You also visited: Sewer and Ossuary.

You collected 228 gold pieces.

Inventory:

Hand Weapons
 a - a +0 sling
Armour
 x - an orb of wrath
Talismans
 b - a beast talisman
 c - a flux talisman
Scrolls
 e - a scroll of poison {unknown}
 f - 5 scrolls of teleportation {unknown}
 h - 4 scrolls of identify {unknown}
 i - a scroll of fear {unknown}
 j - 3 scrolls of torment {unknown}
 k - 2 scrolls of enchant armour {unknown}
 m - a scroll of vulnerability {unknown}
 o - 3 scrolls of revelation {unknown}
 p - 2 scrolls of immolation {unknown}
 q - a scroll of brand weapon {unknown}
 w - a scroll of fog {unknown}
Potions
 d - a potion of enlightenment {unknown}
 g - 5 potions of curing {unknown}
 l - 2 potions of lignification
 n - a potion of ambrosia {unknown}
 r - 2 potions of degeneration {unknown}
 s - a potion of invisibility {unknown}
 t - 4 potions of haste {unknown}
 u - a potion of attraction {unknown}
 v - a potion of mutation {unknown}


   Skills:
 + Level 4.1 Fighting
 - Level 2.0 Dodging
 + Level 5.1 Unarmed Combat
 * Level 6.2 Shapeshifting


You had 6 spell levels left.
You didn't know any spells.
Your spell library was empty.

Dungeon Overview and Level Annotations

Branches:
Dungeon (5/15)              Sewer (visited)         Ossuary (visited)
 Temple: D:4-7

Altars:
Ashenzari
Trog
The Shining One

Shops:
D:4 [


Innate Abilities, Weirdness & Mutations

You are a hulking beast.
Your limbs bulge with bestial killing power. (Slay +3)
You cannot wear most types of armour.
You are amphibious.
You can wear up to eight rings at the same time.
Your skin changes colour to match your surroundings (Stealth+).
Your rubbery body absorbs attacks. (AC +1, EV +1)
((You are camouflaged when in or above water. (Stealth+)))
You have tentacles for arms and can constrict up to eight enemies at once.


Message History

The ufetubus barely misses you. The ufetubus hits you. x2
The howler monkey howls!
You bludgeon the ufetubus!
You kill the ufetubus!
You hear a shout!
An iguana comes into view.
The iguana moves out of view.
An ogre comes into view. It is wielding a +0 giant club.
The iguana hisses angrily.
The ogre shouts!
You hear a shout!
An iguana comes into view.
An ufetubus comes into view.
The ufetubus shouts!
The howler monkey hits you.
The iguana hisses angrily.
You tentacle-slap the howler monkey. You grab the howler monkey.
You squeeze the howler monkey!
The howler monkey is almost dead.
You constrict the howler monkey. The howler monkey hits you.
You bludgeon the howler monkey!
You kill the howler monkey!
An ice beast comes into view.
The iguana attacks as it pursues you! The iguana closely misses you.
The iguana attacks as it pursues you! The iguana bites you!
The iguana attacks as it pursues you! The iguana barely misses you.
The iguana attacks as it pursues you! The iguana bites you!
There is a stone staircase leading up here.
The ufetubus barely misses you. The ufetubus hits you. x2
* * * LOW HITPOINT WARNING * * *
The ufetubus hits you.
* * * LOW HITPOINT WARNING * * *
The iguana bites you.
* * * LOW HITPOINT WARNING * * *
You climb upwards.
There is a stone staircase leading down here.
Unknown command.
You completely miss the iguana. Your grab misses the iguana.
The ufetubus hits you.
* * * LOW HITPOINT WARNING * * *
The ufetubus hits you.
You die...

........###...##..##
......### #....##.##
......## ##...##..#
.......# ##...#..#
.......## #...#..##
..#.....### ##...#..#
.###......####...#..#
.# ##...........l..##
## ##.........5h..# #
##...........##
##............##
##..............##
###............##..##
##.......#......####.#
.......##........# ###
.....###.........#
....###....#.....#


You could see an iguana and an ufetubus.

Vanquished Creatures
  Menkaure (Ossuary)
  Pargi (Sewer)
  Blork the orc (D:4)
  2 scorpions
  2 howler monkeys
  An orc wizard (D:2)
  3 mummies (Ossuary)
  3 gnolls (D:4)
  6 adders
  A shadow imp (D:5)
  An ufetubus (D:5)
  2 worms
  4 dart slugs
  4 orcs (D:3)
  5 bats
  5 endoplasms
  8 giant cockroaches
  7 hobgoblins
  7 jackals (D:1)
  3 quokkas
  10 ball pythons
  3 frilled lizards
  4 gnoll skeletons (Ossuary)
  4 gnoll zombies (Ossuary)
  4 goblins
  4 goblin skeletons (Ossuary)
  9 goblin zombies (Ossuary)
  7 hobgoblin skeletons (Ossuary)
  5 hobgoblin zombies (Ossuary)
  8 kobolds
  2 kobold skeletons (Ossuary)
  2 kobold zombies (Ossuary)
  4 orc skeletons (Ossuary)
  4 orc zombies (Ossuary)
  7 rats
  4 rat skeletons (Ossuary)
  A rat zombie (Ossuary)
149 creatures vanquished.

Notes
Turn   | Place    | Note
-------+----------+-------------------------------------------
     0 | D:1      | LeprechaunX the Octopode Shapeshifter began the quest for
                  | the Orb.
     0 | D:1      | Reached XP level 1. HP: 13/13 MP: 1/1
   213 | D:1      | Reached XP level 2. HP: 17/18 MP: 2/2
   454 | D:1      | Reached XP level 3. HP: 23/23 MP: 3/3
  1184 | D:2      | Reached XP level 4. HP: 16/29 MP: 4/4
  1623 | D:2      | Found a faded altar of an unknown god.
  1689 | D:3      | Reached skill level 4 in Shapeshifting
  1858 | D:3      | Reached XP level 5. HP: 15/35 MP: 5/5
  2492 | D:4      | Found Vengiw's Armour Shoppe.
  2615 | D:4      | Found a glowing drain.
  2625 | Sewer    | Entered a sewer
  2643 | Sewer    | Noticed Pargi
  2741 | Sewer    | Killed Pargi
  2742 | Sewer    | Reached XP level 6. HP: 42/42 MP: 6/6
  2951 | D:4      | Reached skill level 5 in Shapeshifting
  3076 | D:4      | Found a glowing golden altar of the Shining One.
  3076 | D:4      | Found a broken altar of Ashenzari.
  3084 | D:4      | Found a bloodstained altar of Trog.
  3105 | D:4      | Noticed Blork the orc
  3117 | D:4      | Killed Blork the orc
  3118 | D:4      | Reached XP level 7. HP: 25/46 MP: 7/7
  3850 | D:5      | Entered Level 5 of the Dungeon
  3976 | D:5      | Found a sand-covered staircase.
  4012 | Ossuary  | Entered an ossuary
  4496 | Ossuary  | Noticed Menkaure
  4644 | Ossuary  | Killed Menkaure
  4742 | Ossuary  | Reached skill level 6 in Shapeshifting
  4763 | Ossuary  | Reached skill level 5 in Unarmed Combat
  4985 | D:4      | Slain by an ufetubus

Illustrated notes

Levels and vault maps discovered:
D:1:      dpeg_arrival_court, layout_loops_corners
D:2:      layout_rooms, dilly_ecumenical_altar_fadedgnrine, minmay_tetromino_i2
D:3:      layout_rooms
D:4:      layout_layer_cave, grunt_temple_overflow_open, portal_sewer_entry_e,
          serial_shops, nicolae_shop_hallway_stairs, uniq_blork_the_orc
D:5:      layout_cave_pods, lightli_ossuary_entry_decrepit_ruins

Skill      XL: |  1  2  3  4  5  6  7 |
---------------+----------------------+-----
Fighting       | 2 3 4 |  4.1
Shapeshifting  | 4 5 6 |  6.2
Unarmed Combat | 4 5 |  5.1
Dodging        | |  2.0

Action                     |  1- 3 |  4- 6 |  7- 9 || total
---------------------------+-------+-------+-------++-------
  Melee: Unarmed           |    68 |    99 |    67 ||   234
         Constrict         |    19 |    27 |    22 ||    68
         Tentacles         |    12 |    15 |    14 ||    41
         Punch             |       |     2 |     2 ||     4
   Fire: Sling             |       |   100 |    88 ||   188
   Stab: Sleeping          |    14 |    10 |       ||    24
         Distracted        |       |     1 |       ||     1
 Armour: Skin              |    24 |    45 |    31 ||   100
  Dodge: Dodged            |    27 |    54 |    28 ||   109

Table legend: (Time is in decaauts)
 A = Elapsed time spent in this place.
 B = Non-inter-level travel time spent in this place.
 C = Inter-level travel time spent in this place.
 D = Time resting spent in this place.
 E = Time spent auto-exploring this place.
 F = Levels seen in this place.
 G = Mean time per level.
                   A        B        C        D        E       F      G
               +--------+--------+--------+--------+--------+-----+--------+
         Total |   5032 |   4905 |    127 |    663 |   3052 |   7 |  718.9 |
       Dungeon |   3956 |   3829 |    127 |    408 |   2723 |   5 |  791.2 |
         Sewer |    247 |    247 |      0 |      0 |     89 |   1 |  247.0 |
       Ossuary |    829 |    829 |      0 |    255 |    240 |   1 |  829.0 |
               +--------+--------+--------+--------+--------+-----+--------+

Top non-repeatable levels by time:
     D:4: 1147 daAuts
     D:1: 961 daAuts
     D:2: 932 daAuts
 Ossuary: 829 daAuts
     D:3: 590 daAuts
     D:5: 324 daAuts
   Sewer: 247 daAuts
